 Dungeon Crawl Stone Soup version 0.31-a0-187-gba352fbbf7 (webtiles) character file.

Game seed: 2977312955935599758

184513 qw the Crack Shot (level 17, -5/109 HPs)
             Began as a Deep Elf Hunter on June 22, 2023.
             Was a High Priest of Okawaru.
             Slain by the 27-headed Lernaean hydra (11 damage)
             ... on level 4 of the Swamp.
             The game lasted 00:12:28 (25241 turns).

qw the Crack Shot (Deep Elf Hunter)                Turns: 25241, Time: 00:12:29

Health: -5/109     AC: 28    Str: 19    XL:     17   Next: 78%
Magic:  26/26      EV: 41    Int: 19    God:    Okawaru [*****.]
Gold:   500        SH:  0    Dex: 32    Spells: 16/16 levels left

rFire   + . .        k - +7 triple crossbow "Uschomim" {speed, rF+ Str+4 Int+2}
rCold   . . .        (shield currently unavailable)
rNeg    + . .        c - +2 swamp dragon scales
rPois   +            b - +2 helmet of the Assorted Souls {rN+ Str+3 SInv Stlth+}
rElec   .            l - +2 cloak
rCorr   .            e - +2 pair of gloves
SInv    +            v - +2 pair of boots {Fly}
Will    +....        j - amulet of faith
Stlth   ++++++       s - +6 ring of dexterity
HPRegen 0.38/turn    A - +6 ring of dexterity
MPRegen 0.20/turn

%: faith
@: about to teleport, heroic, marked, flying
A: camouflage 1
a: Renounce Religion, Heroism, Finesse, Duel


You were on level 4 of the Swamp.
You worshipped Okawaru.
Okawaru was extremely pleased with you.
You visited 6 branches of the dungeon, and saw 30 of its levels.

You collected 3219 gold pieces.
You spent 2719 gold pieces at shops.


Innate Abilities, Weirdness & Mutations

Your skin changes colour to match your surroundings (Stealth+).


   Skills:
 + Level 13.4(18.4) Fighting
 - Level 22.0(27) Ranged Weapons
 - Level 10.0(15.0) Armour
 - Level 22.0(27) Dodging
 - Level 1.2(6.2) Stealth
 - Level 10.0 Invocations


You had 16 spell levels left.
You didn't know any spells.
Your spell library was empty.

Inventory:

Hand Weapons
 a - the +27 heavy crossbow "Sniper" {heavy, Acc+∞ SInv}
   (You acquired it on level 1 of the Dungeon)

   Acc+∞: It never misses its target.
   SInv:      It lets you see invisible.
 k - the +7 triple crossbow "Uschomim" (weapon) {speed, rF+ Str+4 Int+2}
   (Okawaru gifted it to you on level 2 of the Lair of Beasts)

   Str:       It affects your strength (+4).
   Int:       It affects your intelligence (+2).
   rF:        It protects you from fire.
Armour
 b - the +2 helmet of the Assorted Souls (worn) {rN+ Str+3 SInv Stlth+}
   (You acquired it on level 12 of the Dungeon)

   Str:       It affects your strength (+3).
   rN:        It protects you from negative energy.
   SInv:      It lets you see invisible.
   Stlth:     It makes you more stealthy.
 c - +2 swamp dragon scales (worn)
 d - +0 ice dragon scales
 e - a +2 pair of gloves (worn)
 l - a +2 cloak (worn)
 v - a +2 pair of boots of flying (worn)
 z - the +0 pair of boots of Absolutism {rElec rN+ Regen+}
   (You bought it in a shop on level 2 of the Orcish Mines)

   rElec:     It insulates you from electricity.
   rN:        It protects you from negative energy.
   Regen:     It increases your rate of health regeneration.
Jewellery
 j - an amulet of faith (around neck)
 s - a +6 ring of dexterity (left hand)
 A - a +6 ring of dexterity (right hand)
Wands
 y - a wand of digging (10)
Scrolls
 i - 8 scrolls of teleportation
 n - 13 scrolls of identify
 u - 2 scrolls of enchant weapon
Potions
 f - 14 potions of curing
 g - 3 potions of mutation
 h - 3 potions of heal wounds
 m - 2 potions of cancellation
 o - 5 potions of enlightenment
 r - a potion of haste
 t - 2 potions of resistance
 w - 4 potions of might

Dungeon Overview and Level Annotations

Branches:
Dungeon (15/15)            Temple (1/1) D:4            Lair (5/5) D:11
  Swamp (4/4) Lair:3        Snake (3/4) Lair:2        Slime (0/5) Lair:5
    Orc (2/2) D:11            Elf (0/3) Orc:2        Vaults (0/5) D:13
 Depths (0/4) D:15

Altars:
Ashenzari
Cheibriados
Dithmenos
Elyvilon
Fedhas
Gozag
Hepliaklqana
Kikubaaqudgha
Makhleb
Nemelex Xobeh
Okawaru
Qazlal
Ru
Sif Muna
Trog
Uskayaw
Vehumet
Wu Jian
Xom
Yredelemnul
Zin
The Shining One
Jiyva

Shops:
D:3 [   D:4 **   D:14 =   Orc:1 (   Orc:2 :([*[   Snake:2 **![

Annotations:
D:3 3 runed translucent doors, qw's ghost, amateur DEHu
D:8 2 transporters
D:9 3 runed translucent doors, qw's ghost, journeyman GrFi
Lair:5 1 runed translucent door
Swamp:4 1 runed translucent door, Lernaean hydra; qw's ghost, adept GrFi
Orc:1 1 runed translucent door


Message History

You shoot a bolt.
The bolt hits the 27-headed Lernaean hydra!
The 27-headed Lernaean hydra is severely wounded.
You shoot a bolt.
The bolt hits the 27-headed Lernaean hydra.
The 27-headed Lernaean hydra is severely wounded.
The 27-headed Lernaean hydra completely misses you. x3
The 27-headed Lernaean hydra bites you but does no damage.
The 27-headed Lernaean hydra bites you!
The 27-headed Lernaean hydra completely misses you. x2
The 27-headed Lernaean hydra bites you but does no damage.
The 27-headed Lernaean hydra completely misses you.
The 27-headed Lernaean hydra bites you but does no damage.
The 27-headed Lernaean hydra completely misses you.
The 27-headed Lernaean hydra bites you.
The 27-headed Lernaean hydra completely misses you. x4
The 27-headed Lernaean hydra barely misses you.
The 27-headed Lernaean hydra bites you but does no damage. x2
The 27-headed Lernaean hydra closely misses you.
The 27-headed Lernaean hydra completely misses you. x4
The 27-headed Lernaean hydra closely misses you.
The 27-headed Lernaean hydra bites you!
The 27-headed Lernaean hydra completely misses you.
25241 ||| READING 9 scrolls of teleportation.
As you read the scroll of teleportation, it crumbles to dust.
You feel strangely unstable.
The 27-headed Lernaean hydra completely misses you.
The 27-headed Lernaean hydra barely misses you.
The 27-headed Lernaean hydra completely misses you.
The 27-headed Lernaean hydra bites you but does no damage.
The 27-headed Lernaean hydra completely misses you.
The 27-headed Lernaean hydra bites you.
The 27-headed Lernaean hydra completely misses you.
The 27-headed Lernaean hydra bites you but does no damage. x2
The 27-headed Lernaean hydra completely misses you.
The 27-headed Lernaean hydra bites you but does no damage. x2
The 27-headed Lernaean hydra misses you.
The 27-headed Lernaean hydra bites you but does no damage.
The 27-headed Lernaean hydra bites you!
You die... ~.~~~~..~....77 7~~7 [~.#~~.77..~~~7 .~.# ..~~~(77777~~77 ..?7 #.~7~~7 7777

7~7 ~.~~777 77
.~77777.~7 ### ##
..~77.~# ###~~####~#####
~.~7.### ~~~.~~~#~~~~~~#
.~....%#~[.#~~~D@.##~.~#
...~...D$.~..~...000..~#
.~7%%.##...#~¤..00D00#.~
777.### #.#~~.~D000~~.#
~777.0## #~~~.~0.~~~~.#
.~777.~# #~~~.#.#~~~k.~
¤~.7~77# ~~##~.~#~~~.~.~
...#~77 ~# .#.~ ~~~~#.~
.7.~~~7


You could see the 27-headed Lernaean hydra, a six-headed hydra, a swamp dragon
and a swamp drake.

Vanquished Creatures
  Saint Roka (Orc:2)
  A tentacled monstrosity (Swamp:4)
  Rupert (Orc:2)
  2 thorn hunters
  Donald (Snake:3)
  Kirke (D:14)
  A nagaraja (Snake:3)
  3 fenstrider witches
  4 eleionomae
  A vampire knight (D:13)
  3 bunyips
  Josephine (D:10)
  A great orb of eyes (D:15)
  19 hydras
  3 vault guards (D:13)
  A shambling mangrove (Swamp:2)
  3 rakshasas
  A salamander tyrant (Snake:2)
  7 centaur warriors
  2 catoblepae
  A ghost crab (Swamp:4)
  An anaconda (shapeshifter) (D:15)
  2 ogre magi
  11 alligators
  12 death yaks
  13 anacondas
  3 two-headed ogres
  4 boulder beetles
  5 naga warriors
  An orc high priest (Orc:2)
  Urug (Lair:2)
  3 naga sharpshooters (Snake:1)
  6 shock serpents
  A fire crab (shapeshifter) (D:15)
  A fire crab (D:11)
  3 salamander mystics
  10 sea snakes (Snake:1)
  2 spriggan druids (Swamp:3)
  3 naga ritualists
  6 goliath frogs
  12 swamp dragons
  3 lindwurms (Lair:5)
  5 bog bodies
  3 deep elf pyromancers
  5 orc knights
  A harpy (shapeshifter) (D:14)
  5 mana vipers
  A will-o-the-wisp (Swamp:2)
  3 orc sorcerers
  4 manticores
  7 oklob plants
  4 cyclopes
  24 elephants
  3 ugly things (D:15)
  5 salamanders
  7 naga magi
  2 gargoyles
  18 black mambas
  14 cane toads
  6 torpor snails (Lair:5)
  Maggie (Lair:2)
  A rime drake (Lair:5)
  2 yaktaurs (D:13)
  An efreet (D:15)
  12 komodo dragons
  6 trolls
  A bloated husk (Swamp:2)
  18 tyrant leeches
  9 hornets
  2 polar bears
  Prince Ribbit (D:6)
  16 blink frogs
  2 dream sheep (Lair:5)
  18 slime creatures
  A shadow (D:13)
  4 spriggans
  3 fire bats (Lair:2)
  2 humans (D:14)
  2 vampires
  2 basilisks (Lair:2)
  63 yaks
  6 wraiths
  4 hogs (D:14)
  9 wyverns
  30 vampire mosquitoes
  11 swamp worms
  A warg (Orc:2)
  2 acid dragons (D:10)
  30 nagas
  12 water moccasins
  6 swamp drakes (Swamp:4)
  A sky beast (D:7)
  2 ice beasts
  25 orc warriors
  6 ogres
  16 centaurs
  9 wolves (Lair:3)
  A kobold brigand (D:9)
  13 bullfrogs
  2 gnoll sergeants
  4 scorpions
  13 wights
  5 killer bees (D:11)
  2 howler monkeys
  An electric eel (Lair:3)
  A gnoll bouda (D:4)
  2 jellies
  5 hounds
  23 orc priests
  An iguana (D:6)
  2 sleepcaps
  37 orc wizards
  23 gnolls
  11 adders
  3 white imps
  3 ufetubi
  A dart slug (D:3)
  100 orcs
  A bat (D:2)
  9 endoplasms
  2 giant cockroaches (D:2)
  10 hobgoblins
  4 jackals (D:5)
  9 kobolds
  9 ball pythons
  5 frilled lizards
  4 goblins
  6 rats
927 creatures vanquished.

Vanquished Creatures (others)
  2 bloated husks
  A water elemental (D:15)
3 creatures vanquished.

Grand Total: 930 creatures vanquished

Notes
Turn   | Place    | Note
-------+----------+-------------------------------------------
     0 | D:1      | qw the Deep Elf Hunter began the quest for the Orb.
     0 | D:1      | Reached XP level 1. HP: 12/12 MP: 3/3
     0 | D:1      | 0 ||| qw: Version: 0.3-a-9-g12657ce
     0 | D:1      | 0 ||| qw: Game counter: 2112
     0 | D:1      | 0 ||| qw: Always use a shield: true
     0 | D:1      | 0 ||| qw: God list: Okawaru
     0 | D:1      | 0 ||| qw: Allow faded altars: false
     0 | D:1      | 0 ||| qw: Do Orc after D:15 true
     0 | D:1      | 0 ||| qw: Do second Lair branch before Depths: true
     0 | D:1      | 0 ||| qw: Lair rune preference: random
     0 | D:1      | 0 ||| qw: Plans: Normal
     0 | D:1      | 0 ||| PLANNING D:1-11
   349 | D:1      | Reached skill level 6 in Ranged Weapons
   349 | D:1      | Reached XP level 2. HP: 16/16 MP: 4/4
   940 | D:1      | 940 ||| UPGRADING to +1 pair of gloves.
   945 | D:1      | 945 ||| UPGRADING to +0 ring mail.
   955 | D:1      | 955 ||| DROPPING +0 leather armour.
   956 | D:1      | 956 ||| UPGRADING to +2 cloak.
   961 | D:1      | 961 ||| UPGRADING to +0 pair of boots.
   966 | D:1      | 966 ||| UPGRADING to ring of positive energy.
   967 | D:1      | 967 ||| READING scroll labelled WERIF REANIWN.
   967 | D:1      | Identified a scroll of acquirement
   967 | D:1      | 967 ||| ACQUIRING +27 heavy crossbow "Sniper" {heavy, Acc+∞
                  | SInv}
   967 | D:1      | Acquired the +27 heavy crossbow "Sniper" {heavy, Acc+∞
                  | SInv}
   967 | D:1      | Found the +27 heavy crossbow "Sniper" {heavy, Acc+∞ SInv}
   969 | D:1      | 969 ||| SWAPPING to +27 heavy crossbow "Sniper" {heavy,
                  | Acc+∞ SInv}.
   970 | D:1      | 970 ||| DROPPING +0 shortbow.
   971 | D:1      | 971 ||| READING scroll labelled MAILANY RONENI.
   976 | D:1      | 976 ||| READING scroll labelled ASMAIM JUHU.
   977 | D:1      | 977 ||| READING scroll labelled TIKEHI AMUSH.
   978 | D:1      | 978 ||| DRINKING 2 yellow potions.
   978 | D:1      | Gained mutation: Your skin changes colour to match your
                  | surroundings (Stealth+). [potion of mutation]
   979 | D:1      | 979 ||| DROPPING scroll of butterflies.
  1103 | D:2      | Reached XP level 3. HP: 20/20 MP: 5/5
  1600 | D:2      | 1600 ||| UPGRADING to +5 ring of evasion.
  1601 | D:2      | 1601 ||| UPGRADING to ring of willpower.
  1603 | D:2      | 1603 ||| READING scroll labelled CARCHEE WAOCW.
  1639 | D:2      | 1639 ||| READING 2 scrolls labelled ECIOGE JEJYAWNOR.
  1640 | D:2      | 1640 ||| READING scroll labelled POAGHEUTAO.
  1641 | D:2      | 1641 ||| READING scroll labelled YSHU VAL QUL PIBA.
  1674 | D:3      | Reached XP level 4. HP: 25/25 MP: 6/6
  1683 | D:3      | Reached XP level 5. HP: 29/29 MP: 7/7
  1691 | D:3      | Reached skill level 1 in Armour
  1812 | D:3      | Found Nuliyxova's Armour Shoppe.
  1825 | D:3      | 1825 ||| SHOPLISTING +2 robe "Rypsat" {Dex+3} (288 gold,
                  | have 124).
  1825 | D:3      | 1825 ||| SHOPLISTING +8 ice dragon scales of the Unbroken
                  | {-Cast rPois rF- rC++ Will+ Regen+} (1282 gold, have 124).
  1866 | D:3      | Reached skill level 9 in Ranged Weapons
  1970 | D:3      | Found a glowing golden altar of the Shining One.
  1971 | D:3      | Found a bloodstained altar of Trog.
  1979 | D:3      | Found a shimmering blue altar of Sif Muna.
  1979 | D:3      | Found a hazy altar of Hepliaklqana.
  1979 | D:3      | Found a basalt altar of Yredelemnul.
  1979 | D:3      | Found a broken altar of Ashenzari.
  1980 | D:3      | Found an opulent altar of Gozag.
  1981 | D:3      | Found a radiant altar of Vehumet.
  1982 | D:3      | Found a white marble altar of Elyvilon.
  1983 | D:3      | Found a sparkling altar of Nemelex Xobeh.
  1984 | D:3      | Found a shimmering altar of Xom.
  2010 | D:3      | Found a runed translucent gate.
  2010 | D:3      | Found a runed translucent gate.
  2010 | D:3      | Noticed qw's ghost (amateur DEHu)
  2011 | D:3      | Identified the +8 dagger of Purpose {heavy, *Noise Str+2
                  | Stlth+}
  2011 | D:3      | Identified the +0 ring mail "Luet" {Rampage rElec SInv}
  2012 | D:3      | Found a runed translucent gate.
  2079 | D:3      | Found a faded altar of an unknown god.
  2378 | D:3      | 2378 ||| DRINKING 4 metallic ruby potions.
  2379 | D:3      | 2379 ||| DRINKING 2 dark potions.
  2380 | D:3      | 2380 ||| DROPPING potion of degeneration.
  2418 | D:4      | Reached XP level 6. HP: 35/35 MP: 8/8
  2523 | D:4      | Found a staircase to the Ecumenical Temple.
  2524 | D:4      | 2524 ||| PLANNING TEMPLE
  2533 | Temple   | Entered the Ecumenical Temple
  2587 | Temple   | 2587 ||| PLANNING OKAWARU WORSHIP
  2654 | Temple   | Became a worshipper of Warmaster Okawaru
  2655 | Temple   | 2655 ||| PLANNING D:1-11
  2831 | D:4      | Found Ixojis's Specific Store.
  2835 | D:4      | Found Vedown's General Store.
  2879 | D:4      | Reached skill level 3 in Dodging
  3109 | D:4      | Reached XP level 7. HP: 40/40 MP: 9/9
  3185 | D:4      | 3185 ||| READING scroll labelled TALION HEP UME.
  3186 | D:4      | 3186 ||| READING 2 scrolls of identify.
  3186 | D:4      | 3186 ||| IDENTIFYING red potion
  3206 | D:5      | Entered Level 5 of the Dungeon
  3237 | D:5      | Reached * piety under Okawaru
  3271 | D:5      | 3271 ||| INVOKING Heroism.
  3355 | D:5      | Found an ornate altar of the Wu Jian Council.
  3411 | D:5      | 3411 ||| INVOKING Heroism.
  3412 | D:5      | 3412 ||| INVOKING Heroism.
  3632 | D:5      | Reached skill level 1 in Invocations
  3644 | D:5      | Reached skill level 12 in Ranged Weapons
  3663 | D:5      | 3663 ||| UPGRADING to +2 pair of boots of flying.
  3673 | D:5      | 3673 ||| DROPPING +0 pair of boots.
  3674 | D:5      | 3674 ||| READING scroll labelled OPLAKA IMOCEL.
  3675 | D:5      | 3675 ||| READING scroll labelled ASY UGGIOSH.
  3676 | D:5      | 3676 ||| READING scroll labelled QOARHI VEEHEM.
  3677 | D:5      | 3677 ||| READING 3 scrolls of identify.
  3677 | D:5      | 3677 ||| IDENTIFYING blue potion
  3678 | D:5      | 3678 ||| READING 2 scrolls of identify.
  3678 | D:5      | 3678 ||| IDENTIFYING fizzy clear potion
  3679 | D:5      | 3679 ||| DROPPING potion of lignification.
  3722 | D:6      | 3722 ||| Stepping ~*~*~tactically~*~*~ (outnumbered).
  3725 | D:6      | 3725 ||| Stepping ~*~*~tactically~*~*~ (outnumbered).
  3727 | D:6      | 3727 ||| Stepping ~*~*~tactically~*~*~ (outnumbered).
  3729 | D:6      | 3729 ||| Stepping ~*~*~tactically~*~*~ (outnumbered).
  3731 | D:6      | Reached XP level 8. HP: 45/45 MP: 11/11
  3741 | D:6      | Reached skill level 3 in Invocations
  3850 | D:6      | Reached skill level 3 in Fighting
  3906 | D:6      | Reached ** piety under Okawaru
  3911 | D:6      | 3911 ||| INVOKING Heroism.
  4200 | D:6      | Noticed Prince Ribbit
  4201 | D:6      | 4201 ||| INVOKING Heroism.
  4202 | D:6      | Killed Prince Ribbit
  4203 | D:6      | Reached XP level 9. HP: 47/50 MP: 11/14
  4225 | D:6      | 4225 ||| FLEEEEING.
  4226 | D:6      | 4226 ||| FLEEEEING.
  4227 | D:6      | 4227 ||| FLEEEEING.
  4228 | D:6      | 4228 ||| FLEEEEING.
  4229 | D:6      | 4229 ||| FLEEEEING.
  4230 | D:6      | 4230 ||| FLEEEEING.
  4231 | D:6      | 4231 ||| FLEEEEING.
  4232 | D:6      | 4232 ||| FLEEEEING.
  4233 | D:6      | 4233 ||| FLEEEEING.
  4234 | D:6      | 4234 ||| FLEEEEING.
  4235 | D:6      | 4235 ||| FLEEEEING.
  4237 | D:6      | 4237 ||| FLEEEEING.
  4238 | D:6      | 4238 ||| FLEEEEING.
  4239 | D:6      | 4239 ||| FLEEEEING.
  4240 | D:6      | 4240 ||| FLEEEEING.
  4241 | D:6      | 4241 ||| STAIRDANCE
  4262 | D:5      | 4262 ||| UPGRADING to +2 helmet.
  4269 | D:6      | 4269 ||| INVOKING Heroism.
  4573 | D:7      | 4573 ||| INVOKING Heroism.
  4725 | D:7      | 4725 ||| READING scroll of enchant armour.
  4725 | D:7      | 4725 ||| ENCHANTING +1 pair of gloves.
  4742 | D:7      | 4742 ||| INVOKING Heroism.
  4756 | D:7      | 4756 ||| Stepping ~*~*~tactically~*~*~ (outnumbered).
  4758 | D:7      | 4758 ||| INVOKING Heroism.
  4760 | D:7      | Reached skill level 15 in Ranged Weapons
  4815 | D:7      | Identified the +2 robe of Ditan {Int+5 Dex+3 SInv Archmagi}
  4877 | D:7      | 4877 ||| INVOKING Heroism.
  5271 | D:7      | 5271 ||| UPGRADING to +2 robe of Ditan {Int+5 Dex+3 SInv
                  | Archmagi}.
  5281 | D:7      | 5281 ||| DROPPING +0 ring mail.
  5282 | D:7      | 5282 ||| DROPPING ring of flight.
  5283 | D:7      | 5283 ||| READING scroll labelled UBEOVI BU JEMN.
  5284 | D:7      | 5284 ||| READING scroll labelled JEHA BIOXUETUH.
  5286 | D:7      | 5286 ||| Stepping ~*~*~tactically~*~*~ (cloud).
  5391 | D:8      | 5391 ||| INVOKING Heroism.
  5402 | D:8      | Reached skill level 6 in Dodging
  5505 | D:8      | Found a transporter.
  5536 | D:8      | Found a transporter.
  5543 | D:8      | Reached *** piety under Okawaru
  5546 | D:8      | Reached XP level 10. HP: 56/56 MP: 15/15
  5548 | D:8      | 5548 ||| INVOKING Heroism.
  6067 | D:8      | 6067 ||| INVOKING Heroism.
  6072 | D:8      | Reached **** piety under Okawaru
  6250 | D:9      | 6250 ||| STAIRDANCE
  6252 | D:8      | 6252 ||| INVOKING Heroism.
  6375 | D:9      | You are sucked into a shaft and drop 3 floors!
  6381 | D:11     | 6381 ||| INVOKING Heroism.
  6386 | D:10     | Entered Level 10 of the Dungeon
  6404 | D:10     | 6404 ||| Stepping ~*~*~tactically~*~*~ (outnumbered).
  6406 | D:10     | 6406 ||| Stepping ~*~*~tactically~*~*~ (outnumbered).
  6408 | D:10     | 6408 ||| Stepping ~*~*~tactically~*~*~ (outnumbered).
  6410 | D:10     | 6410 ||| Stepping ~*~*~tactically~*~*~ (outnumbered).
  6412 | D:10     | 6412 ||| Stepping ~*~*~tactically~*~*~ (outnumbered).
  6414 | D:10     | 6414 ||| Stepping ~*~*~tactically~*~*~ (outnumbered).
  6416 | D:10     | 6416 ||| Stepping ~*~*~tactically~*~*~ (outnumbered).
  6418 | D:10     | 6418 ||| Stepping ~*~*~tactically~*~*~ (outnumbered).
  6435 | D:10     | Noticed Josephine
  6438 | D:10     | Killed Josephine
  6439 | D:10     | Reached skill level 18 in Ranged Weapons
  6441 | D:10     | Reached XP level 11. HP: 61/61 MP: 15/17
  6521 | D:10     | Reached skill level 6 in Invocations
  6522 | D:10     | Received a gift from Okawaru
  6557 | D:10     | Reached ***** piety under Okawaru
  6562 | D:10     | Reached skill level 9 in Dodging
  6622 | D:10     | Noticed a two-headed ogre
  6623 | D:10     | 6623 ||| INVOKING Heroism.
  6624 | D:10     | Killed a two-headed ogre
  6648 | D:10     | 6648 ||| UPGRADING to +0 acid dragon scales.
  6658 | D:10     | 6658 ||| READING scroll labelled OHITAT CIODGHU.
  6659 | D:10     | 6659 ||| READING 3 scrolls of identify.
  6659 | D:10     | 6659 ||| IDENTIFYING fuming black potion
  6660 | D:10     | 6660 ||| READING 2 scrolls of identify.
  6660 | D:10     | 6660 ||| IDENTIFYING lumpy silvery potion
  6661 | D:10     | 6661 ||| DROPPING potion of brilliance.
  6704 | D:9      | Found a glowing silver altar of Zin.
  6780 | D:9      | Noticed a two-headed ogre
  6781 | D:9      | 6781 ||| INVOKING Heroism.
  6783 | D:9      | Killed a two-headed ogre
  6881 | D:9      | Found a hide-covered altar of Uskayaw.
  6881 | D:9      | Noticed a +0 dagger
  6882 | D:9      | Noticed a +0 dagger
  7058 | D:9      | 7058 ||| INVOKING Heroism.
  7060 | D:9      | Reached skill level 3 in Armour
  7333 | D:9      | Found a runed translucent gate.
  7333 | D:9      | Found a runed translucent gate.
  7333 | D:9      | Found a runed translucent gate.
  7336 | D:9      | Noticed qw's ghost (journeyman GrFi)
  7353 | D:9      | Found a viscous altar of Jiyva.
  8203 | D:10     | 8203 ||| DROPPING +2 hat.
  8204 | D:10     | 8204 ||| READING 2 scrolls of identify.
  8204 | D:10     | 8204 ||| IDENTIFYING sapphire potion
  8205 | D:10     | 8205 ||| DROPPING potion of berserk rage.
  8257 | D:11     | Noticed a two-headed ogre
  8258 | D:11     | 8258 ||| INVOKING Heroism.
  8261 | D:11     | Killed a two-headed ogre
  8335 | D:11     | 8335 ||| INVOKING Heroism.
  8352 | D:11     | Found a staircase to the Orcish Mines.
  8358 | D:11     | 8358 ||| INVOKING Heroism.
  8488 | D:11     | 8488 ||| INVOKING Heroism.
  8538 | D:11     | Reached skill level 9 in Invocations
  8658 | D:11     | Found a staircase to the Lair.
  8659 | D:11     | Noticed a fire crab
  8659 | D:11     | Killed a fire crab
  8731 | D:11     | 8731 ||| PLANNING LAIR
  8731 | D:11     | 8731 ||| DROPPING amulet of magic regeneration.
  8781 | Lair:1   | Entered Level 1 of the Lair of Beasts
  8813 | Lair:1   | 8813 ||| INVOKING Heroism.
  8922 | Lair:1   | Reached XP level 12. HP: 68/68 MP: 21/21
  8954 | Lair:1   | 8954 ||| INVOKING Heroism.
  8991 | Lair:1   | 8991 ||| INVOKING Heroism.
  9095 | Lair:1   | 9095 ||| INVOKING Heroism.
  9553 | Lair:1   | 9553 ||| DROPPING +1 pair of boots.
  9689 | Lair:2   | Noticed Maggie
  9691 | Lair:2   | 9691 ||| FLEEEEING.
  9692 | Lair:2   | 9692 ||| FLEEEEING.
  9693 | Lair:2   | 9693 ||| FLEEEEING.
  9694 | Lair:2   | 9694 ||| FLEEEEING.
  9695 | Lair:2   | 9695 ||| FLEEEEING.
  9696 | Lair:2   | 9696 ||| FLEEEEING.
  9697 | Lair:2   | 9697 ||| FLEEEEING.
  9698 | Lair:2   | 9698 ||| FLEEEEING.
  9699 | Lair:2   | 9699 ||| FLEEEEING.
  9704 | Lair:2   | 9704 ||| FLEEEEING.
  9711 | Lair:2   | 9711 ||| FLEEEEING.
  9712 | Lair:2   | 9712 ||| FLEEEEING.
  9717 | Lair:2   | 9717 ||| FLEEEEING.
  9718 | Lair:2   | 9718 ||| FLEEEEING.
  9719 | Lair:2   | 9719 ||| FLEEEEING.
  9720 | Lair:2   | 9720 ||| FLEEEEING.
  9721 | Lair:2   | 9721 ||| FLEEEEING.
  9722 | Lair:2   | 9722 ||| FLEEEEING.
  9723 | Lair:2   | 9723 ||| FLEEEEING.
  9724 | Lair:2   | 9724 ||| FLEEEEING.
  9725 | Lair:2   | 9725 ||| FLEEEEING.
  9726 | Lair:2   | 9726 ||| FLEEEEING.
  9727 | Lair:2   | 9727 ||| FLEEEEING.
  9728 | Lair:2   | 9728 ||| FLEEEEING.
  9729 | Lair:2   | 9729 ||| FLEEEEING.
  9730 | Lair:2   | 9730 ||| FLEEEEING.
  9731 | Lair:2   | 9731 ||| FLEEEEING.
  9732 | Lair:2   | 9732 ||| FLEEEEING.
  9738 | Lair:2   | Killed Maggie
  9826 | Lair:2   | Noticed Urug
  9827 | Lair:2   | 9827 ||| INVOKING Heroism.
  9828 | Lair:2   | 9828 ||| INVOKING Finesse.
  9834 | Lair:2   | Killed Urug
  9983 | Lair:2   | 9983 ||| INVOKING Heroism.
  9987 | Lair:2   | Reached skill level 21 in Ranged Weapons
  9991 | Lair:2   | Identified the +7 triple crossbow "Uschomim" {speed, rF+
                  | Str+4 Int+2} (Okawaru gifted it to you on level 2 of the
                  | Lair of Beasts)
  9991 | Lair:2   | Received a gift from Okawaru
 10152 | Lair:2   | Reached skill level 6 in Fighting
 10194 | Lair:2   | Found a staircase to the Snake Pit.
 10257 | Lair:2   | 10257 ||| INVOKING Heroism.
 10410 | Lair:2   | 10410 ||| INVOKING Heroism.
 10839 | Lair:3   | Found a staircase to the Swamp.
 10920 | Lair:3   | 10920 ||| READING scroll of enchant armour.
 10920 | Lair:3   | 10920 ||| ENCHANTING +0 acid dragon scales.
 11021 | Lair:3   | 11021 ||| INVOKING Heroism.
 11022 | Lair:3   | 11022 ||| INVOKING Finesse.
 11032 | Lair:3   | Reached XP level 13. HP: 74/74 MP: 15/22
 11070 | Lair:3   | 11070 ||| INVOKING Finesse.
 11234 | Lair:3   | 11234 ||| INVOKING Heroism.
 11236 | Lair:3   | Received a gift from Okawaru
 11246 | Lair:3   | 11246 ||| INVOKING Heroism.
 11307 | Lair:3   | 11307 ||| INVOKING Heroism.
 11396 | Lair:3   | 11396 ||| READING scroll of acquirement.
 11396 | Lair:3   | 11396 ||| ACQUIRING +6 ring of dexterity
 11396 | Lair:3   | Acquired a +6 ring of dexterity
 11398 | Lair:3   | 11398 ||| DROPPING ring of positive energy.
 11437 | Lair:3   | 11437 ||| INVOKING Heroism.
 11536 | Lair:3   | 11536 ||| DROPPING ring of see invisible.
 11537 | Lair:3   | 11537 ||| UPGRADING to +6 ring of dexterity.
 11539 | Lair:3   | 11539 ||| DROPPING ring of willpower.
 11540 | Lair:3   | 11540 ||| READING 2 scrolls of identify.
 11540 | Lair:3   | 11540 ||| IDENTIFYING white potion
 11559 | Lair:4   | 11559 ||| STAIRDANCE
 11669 | Lair:4   | Found a hide-covered altar of Uskayaw.
 11711 | Lair:4   | 11711 ||| INVOKING Heroism.
 11712 | Lair:4   | 11712 ||| INVOKING Finesse.
 11713 | Lair:4   | 11713 ||| INVOKING Finesse.
 11798 | Lair:4   | Identified the +6 triple crossbow "Orghoruo" {drain, rN+}
                  | (Okawaru gifted it to you on level 4 of the Lair of Beasts)
 11798 | Lair:4   | Received a gift from Okawaru
 11799 | Lair:4   | Reached skill level 12 in Dodging
 11847 | Lair:4   | 11847 ||| INVOKING Heroism.
 11959 | Lair:4   | 11959 ||| INVOKING Heroism.
 12391 | Lair:4   | 12391 ||| DROPPING +4 ring of slaying {mikee}.
 12410 | Lair:5   | Entered Level 5 of the Lair of Beasts
 12458 | Lair:5   | 12458 ||| FLEEEEING.
 12460 | Lair:5   | 12460 ||| FLEEEEING.
 12461 | Lair:5   | 12461 ||| INVOKING Heroism.
 12486 | Lair:5   | 12486 ||| INVOKING Heroism.
 12535 | Lair:5   | Received a gift from Okawaru
 12545 | Lair:5   | Reached XP level 14. HP: 77/84 MP: 23/23
 12625 | Lair:5   | 12625 ||| INVOKING Heroism.
 12626 | Lair:5   | 12626 ||| INVOKING Finesse.
 12694 | Lair:5   | 12694 ||| INVOKING Heroism.
 12695 | Lair:5   | 12695 ||| INVOKING Finesse.
 12742 | Lair:5   | 12742 ||| INVOKING Finesse.
 12782 | Lair:5   | 12782 ||| INVOKING Heroism.
 12785 | Lair:5   | 12785 ||| Stepping ~*~*~tactically~*~*~ (cloud).
 12792 | Lair:5   | 12792 ||| Stepping ~*~*~tactically~*~*~ (cloud).
 12822 | Lair:5   | 12822 ||| INVOKING Heroism.
 12834 | Lair:5   | 12834 ||| Stepping ~*~*~tactically~*~*~ (outnumbered).
 12839 | Lair:5   | 12839 ||| INVOKING Heroism.
 12948 | Lair:5   | 12948 ||| INVOKING Heroism.
 12995 | Lair:5   | Reached skill level 9 in Fighting
 13027 | Lair:5   | 13027 ||| INVOKING Heroism.
 13028 | Lair:5   | 13028 ||| INVOKING Finesse.
 13067 | Lair:5   | Found a staircase to the Slime Pits.
 13069 | Lair:5   | 13069 ||| INVOKING Heroism.
 13101 | Lair:5   | 13101 ||| INVOKING Heroism.
 13103 | Lair:5   | Reached skill level 6 in Armour
 13206 | Lair:5   | 13206 ||| INVOKING Heroism.
 13213 | Lair:5   | Reached skill level 15 in Dodging
 13216 | Lair:5   | 13216 ||| Stepping ~*~*~tactically~*~*~ (outnumbered).
 13218 | Lair:5   | 13218 ||| Stepping ~*~*~tactically~*~*~ (outnumbered).
 13220 | Lair:5   | 13220 ||| Stepping ~*~*~tactically~*~*~ (outnumbered).
 13224 | Lair:5   | Found a broken altar of Ashenzari.
 13462 | Lair:5   | 13462 ||| INVOKING Heroism.
 13473 | Lair:5   | Found a runed translucent door.
 13513 | Lair:5   | 13513 ||| INVOKING Heroism.
 13540 | Lair:5   | Identified the +1 buckler "Soinol" {rPois rF+}
 13553 | Lair:5   | 13553 ||| FLEEEEING.
 13554 | Lair:5   | 13554 ||| FLEEEEING.
 13555 | Lair:5   | 13555 ||| FLEEEEING.
 13557 | Lair:5   | 13557 ||| INVOKING Heroism.
 13802 | Lair:5   | 13802 ||| PLANNING D
 13802 | Lair:5   | 13802 ||| READING 5 scrolls of identify.
 13802 | Lair:5   | 13802 ||| IDENTIFYING amethyst potion
 13803 | Lair:5   | 13803 ||| DROPPING potion of attraction.
 14172 | D:12     | 14172 ||| READING scroll of acquirement.
 14172 | D:12     | 14172 ||| ACQUIRING +2 helmet of the Assorted Souls {rN+
                  | Str+3 SInv Stlth+}
 14172 | D:12     | Acquired the +2 helmet of the Assorted Souls {rN+ Str+3
                  | SInv Stlth+}
 14174 | D:12     | 14174 ||| UPGRADING to +2 helmet of the Assorted Souls {rN+
                  | Str+3 SInv Stlth+}.
 14184 | D:12     | 14184 ||| SWAPPING to +7 triple crossbow "Uschomim" {speed,
                  | rF+ Str+4 Int+2}.
 14185 | D:12     | 14185 ||| DROPPING +2 helmet.
 14251 | D:12     | 14251 ||| INVOKING Heroism.
 14313 | D:12     | 14313 ||| Stepping ~*~*~tactically~*~*~ (outnumbered).
 14411 | D:12     | 14411 ||| INVOKING Heroism.
 14608 | D:12     | 14608 ||| UPGRADING to amulet of faith.
 14613 | D:12     | 14613 ||| DROPPING +4 ring of protection.
 14662 | D:13     | 14662 ||| Stepping ~*~*~tactically~*~*~ (outnumbered).
 14675 | D:13     | 14675 ||| Stepping ~*~*~tactically~*~*~ (outnumbered).
 14677 | D:13     | 14677 ||| Stepping ~*~*~tactically~*~*~ (outnumbered).
 14679 | D:13     | 14679 ||| Stepping ~*~*~tactically~*~*~ (outnumbered).
 14683 | D:13     | Received a gift from Okawaru
 14753 | D:13     | Reached XP level 15. HP: 92/92 MP: 24/24
 14908 | D:13     | 14908 ||| FLEEEEING.
 14909 | D:13     | 14909 ||| FLEEEEING.
 14920 | D:13     | 14920 ||| INVOKING Heroism.
 14962 | D:13     | 14962 ||| INVOKING Heroism.
 14963 | D:13     | 14963 ||| Stepping ~*~*~tactically~*~*~ (outnumbered).
 14969 | D:13     | Received a gift from Okawaru
 14992 | D:13     | Found a gate to the Vaults.
 14993 | D:13     | 14993 ||| INVOKING Heroism.
 15313 | D:13     | 15313 ||| READING 5 scrolls of identify.
 15313 | D:13     | 15313 ||| IDENTIFYING fuming cyan potion
 15314 | D:13     | 15314 ||| READING 4 scrolls of identify.
 15314 | D:13     | 15314 ||| IDENTIFYING murky ruby potion
 15315 | D:13     | 15315 ||| READING 3 scrolls of identify.
 15315 | D:13     | 15315 ||| IDENTIFYING smoky pink potion
 15316 | D:13     | 15316 ||| DROPPING potion of invisibility.
 15457 | D:13     | 15457 ||| INVOKING Heroism.
 15604 | D:14     | Noticed Kirke
 15605 | D:14     | 15605 ||| INVOKING Heroism.
 15606 | D:14     | 15606 ||| INVOKING Finesse.
 15614 | D:14     | Killed Kirke
 15624 | D:14     | 15624 ||| Stepping ~*~*~tactically~*~*~ (outnumbered).
 15805 | D:14     | 15805 ||| INVOKING Heroism.
 15944 | D:14     | Identified the +2 robe "Izyvosm" {+Inv rN+ MP+9}
 16021 | D:14     | Found Kohizofu's Jewellery Shop.
 16029 | D:14     | 16029 ||| BUYING +6 ring of dexterity (648 gold).
 16029 | D:14     | Bought a +6 ring of dexterity for 648 gold pieces
 16344 | D:14     | 16344 ||| DROPPING +2 robe "Izyvosm" {+Inv rN+ MP+9}.
 16345 | D:14     | 16345 ||| DROPPING ring of protection from fire.
 16346 | D:14     | 16346 ||| UPGRADING to +6 ring of dexterity.
 16348 | D:14     | 16348 ||| DROPPING +5 ring of evasion.
 16369 | D:15     | Entered Level 15 of the Dungeon
 16417 | D:15     | Reached skill level 18 in Dodging
 16502 | D:15     | 16502 ||| INVOKING Heroism.
 16530 | D:15     | 16530 ||| Stepping ~*~*~tactically~*~*~ (outnumbered).
 16534 | D:15     | Identified the +1 helmet of Okawaru's Supremacy {rCorr}
                  | (Okawaru gifted it to you on level 15 of the Dungeon)
 16534 | D:15     | Received a gift from Okawaru
 16700 | D:15     | Found a staircase to the Depths.
 16797 | D:15     | Found a hazy altar of Hepliaklqana.
 16812 | D:15     | 16812 ||| INVOKING Heroism.
 16993 | D:15     | 16993 ||| INVOKING Heroism.
 17217 | D:15     | 17217 ||| PLANNING ORC
 17217 | D:15     | 17217 ||| DROPPING +1 helmet of Okawaru's Supremacy
                  | {rCorr}.
 17306 | Orc:1    | Entered Level 1 of the Orcish Mines
 17321 | Orc:1    | 17321 ||| Stepping ~*~*~tactically~*~*~ (outnumbered).
 17336 | Orc:1    | 17336 ||| FLEEEEING.
 17341 | Orc:1    | 17341 ||| FLEEEEING.
 17342 | Orc:1    | 17342 ||| FLEEEEING.
 17343 | Orc:1    | 17343 ||| FLEEEEING.
 17344 | Orc:1    | 17344 ||| STAIRDANCE
 17353 | Orc:1    | 17353 ||| Stepping ~*~*~tactically~*~*~ (outnumbered).
 17354 | Orc:1    | 17354 ||| Stepping ~*~*~tactically~*~*~ (outnumbered).
 17455 | Orc:1    | Found a runed translucent door.
 17535 | Orc:1    | Found Petiq's Antique Weapon Shoppe.
 18437 | Orc:2    | Entered Level 2 of the Orcish Mines
 18570 | Orc:2    | Found Tyezayh's Antique Armour Shop.
 18598 | Orc:2    | 18598 ||| BUYING +3 pair of seven-league boots {Rampage+∞}
                  | (1160 gold).
 18598 | Orc:2    | Bought the +3 pair of seven-league boots {Rampage+∞} for
                  | 1160 gold pieces
 18598 | Orc:2    | Found the +3 pair of seven-league boots {Rampage+∞}
 18598 | Orc:2    | 18598 ||| BUYING embroidered robe (107 gold).
 18598 | Orc:2    | Bought an embroidered robe for 107 gold pieces
 18598 | Orc:2    | 18598 ||| BUYING pair of smouldering boots (275 gold).
 18598 | Orc:2    | Bought a pair of smouldering boots for 275 gold pieces
 18598 | Orc:2    | Identified the +0 pair of boots of Absolutism {rElec rN+
                  | Regen+} (You bought it in a shop on level 2 of the Orcish
                  | Mines)
 18598 | Orc:2    | 18598 ||| BUYING shiny scale mail (203 gold).
 18598 | Orc:2    | Bought a shiny scale mail for 203 gold pieces
 18613 | Orc:2    | 18613 ||| INVOKING Heroism.
 18622 | Orc:2    | Noticed Saint Roka
 18623 | Orc:2    | 18623 ||| INVOKING Finesse.
 18643 | Orc:2    | Killed Saint Roka
 18682 | Orc:2    | 18682 ||| INVOKING Heroism.
 18753 | Orc:2    | 18753 ||| INVOKING Heroism.
 18777 | Orc:2    | Noticed Rupert
 18780 | Orc:2    | 18780 ||| INVOKING Finesse.
 18785 | Orc:2    | Killed Rupert
 18820 | Orc:2    | Found Paimo's Antique Armour Boutique.
 18834 | Orc:2    | 18834 ||| SHOPLISTING glowing robe (103 gold, have 87).
 18834 | Orc:2    | 18834 ||| SHOPLISTING pair of glowing boots (210 gold, have
                  | 87).
 18834 | Orc:2    | 18834 ||| SHOPLISTING runed leather armour (140 gold, have
                  | 87).
 18894 | Orc:2    | Found a staircase to the Elven Halls.
 18925 | Orc:2    | Found Zucregg's General Store.
 18932 | Orc:2    | 18932 ||| SHOPLISTING 2 scrolls of enchant armour (180
                  | gold, have 176).
 18941 | Orc:2    | Found Soahaomu's Book Boutique.
 19023 | Orc:2    | Found Wesh's Antique Weapon Boutique.
 19212 | Orc:2    | 19212 ||| PLANNING SWAMP:1-3
 19212 | Orc:2    | 19212 ||| DROPPING +3 pair of seven-league boots
                  | {Rampage+∞}.
 19213 | Orc:2    | 19213 ||| DROPPING +2 robe of the Archmagi.
 19214 | Orc:2    | 19214 ||| UPGRADING to +3 scale mail of poison resistance.
 19354 | Swamp:1  | Entered Level 1 of the Swamp
 19376 | Swamp:1  | 19376 ||| INVOKING Heroism.
 19474 | Swamp:1  | Reached XP level 16. HP: 87/97 MP: 25/25
 19617 | Swamp:1  | 19617 ||| INVOKING Heroism.
 19769 | Swamp:1  | 19769 ||| INVOKING Heroism.
 19772 | Swamp:1  | 19772 ||| Stepping ~*~*~tactically~*~*~ (outnumbered).
 19993 | Swamp:2  | Identified the +9 dagger of the Final Decision {heavy, rN+
                  | Dex-2 SInv}
 20026 | Swamp:2  | 20026 ||| INVOKING Heroism.
 20026 | Swamp:2  | Paralysed by a fenstrider witch for 3 turns
 20065 | Swamp:2  | Received a gift from Okawaru
 20110 | Swamp:2  | 20110 ||| INVOKING Heroism.
 20155 | Swamp:2  | Noticed a thorn hunter
 20156 | Swamp:2  | 20156 ||| INVOKING Finesse.
 20165 | Swamp:2  | Killed a thorn hunter
 20183 | Swamp:2  | 20183 ||| INVOKING Heroism.
 20399 | Swamp:2  | 20399 ||| INVOKING Heroism.
 20562 | Swamp:2  | 20562 ||| UPGRADING to +0 swamp dragon scales.
 20572 | Swamp:2  | 20572 ||| DROPPING +3 scale mail of poison resistance.
 20602 | Swamp:3  | 20602 ||| INVOKING Heroism.
 20709 | Swamp:3  | Identified the +1 scale mail of Grace {+Blink rPois}
 20775 | Swamp:3  | 20775 ||| INVOKING Heroism.
 20813 | Swamp:3  | Noticed a thorn hunter
 20814 | Swamp:3  | 20814 ||| INVOKING Heroism.
 20820 | Swamp:3  | Killed a thorn hunter
 20821 | Swamp:3  | Reached skill level 9 in Armour
 20942 | Swamp:3  | 20942 ||| INVOKING Heroism.
 21143 | Swamp:3  | 21143 ||| PLANNING SNAKE:1-3
 21143 | Swamp:3  | 21143 ||| DROPPING +1 scale mail of Grace {+Blink rPois}.
 21215 | Snake:1  | Entered Level 1 of the Snake Pit
 21226 | Snake:1  | 21226 ||| INVOKING Heroism.
 21269 | Snake:1  | Received a gift from Okawaru
 21365 | Snake:1  | 21365 ||| INVOKING Heroism.
 21413 | Snake:1  | Reached skill level 21 in Dodging
 21650 | Snake:1  | 21650 ||| INVOKING Heroism.
 22002 | Snake:1  | Received a gift from Okawaru
 22067 | Snake:1  | Reached skill level 12 in Fighting
 22067 | Snake:1  | Reached XP level 17. HP: 83/106 MP: 26/26
 22071 | Snake:1  | 22071 ||| INVOKING Heroism.
 22769 | Snake:2  | 22769 ||| Stepping ~*~*~tactically~*~*~ (outnumbered).
 22779 | Snake:2  | 22779 ||| READING scroll of enchant armour.
 22779 | Snake:2  | 22779 ||| ENCHANTING +0 swamp dragon scales.
 23219 | Snake:2  | 23219 ||| INVOKING Heroism.
 23365 | Snake:2  | Found Kykkun's Distillery.
 23365 | Snake:2  | Found Etuenn's Assorted Antiques.
 23366 | Snake:2  | Found Suink's Armour Shoppe.
 23370 | Snake:2  | Found Nikuiq's General Store.
 23373 | Snake:2  | 23373 ||| BUYING potion of cancellation (80 gold).
 23373 | Snake:2  | Bought a potion of cancellation for 80 gold pieces
 23373 | Snake:2  | 23373 ||| BUYING potion of might (40 gold).
 23373 | Snake:2  | Bought a potion of might for 40 gold pieces
 23373 | Snake:2  | 23373 ||| BUYING potion of might (40 gold).
 23373 | Snake:2  | Bought a potion of might for 40 gold pieces
 23373 | Snake:2  | 23373 ||| BUYING potion of might (40 gold).
 23373 | Snake:2  | Bought a potion of might for 40 gold pieces
 23373 | Snake:2  | 23373 ||| BUYING potion of resistance (100 gold).
 23373 | Snake:2  | Bought a potion of resistance for 100 gold pieces
 23376 | Snake:2  | 23376 ||| BUYING scroll of identify (26 gold).
 23376 | Snake:2  | Bought a scroll of identify for 26 gold pieces
 23451 | Snake:2  | 23451 ||| DROPPING +2 robe of fire resistance.
 23452 | Snake:2  | 23452 ||| DROPPING +1 acid dragon scales.
 23453 | Snake:2  | 23453 ||| DROPPING ring of poison resistance.
 23527 | Snake:3  | Noticed Donald
 23528 | Snake:3  | 23528 ||| INVOKING Heroism.
 23529 | Snake:3  | 23529 ||| INVOKING Finesse.
 23534 | Snake:3  | Killed Donald
 23670 | Snake:3  | Identified the +4 crystal plate armour of Liberty {Harm
                  | *Slow rElec rPois} (Okawaru gifted it to you on level 3 of
                  | the Snake Pit)
 23670 | Snake:3  | Received a gift from Okawaru
 23747 | Snake:3  | 23747 ||| Stepping ~*~*~tactically~*~*~ (outnumbered).
 23749 | Snake:3  | 23749 ||| Stepping ~*~*~tactically~*~*~ (outnumbered).
 23751 | Snake:3  | 23751 ||| Stepping ~*~*~tactically~*~*~ (outnumbered).
 23753 | Snake:3  | 23753 ||| Stepping ~*~*~tactically~*~*~ (outnumbered).
 23755 | Snake:3  | 23755 ||| Stepping ~*~*~tactically~*~*~ (outnumbered).
 23757 | Snake:3  | 23757 ||| Stepping ~*~*~tactically~*~*~ (outnumbered).
 23807 | Snake:3  | 23807 ||| Stepping ~*~*~tactically~*~*~ (outnumbered).
 23809 | Snake:3  | 23809 ||| Stepping ~*~*~tactically~*~*~ (outnumbered).
 23814 | Snake:3  | 23814 ||| Stepping ~*~*~tactically~*~*~ (outnumbered).
 23916 | Snake:3  | Identified the +1 leather armour of Lethargy {Rampage Will-
                  | SInv}
 23960 | Snake:3  | 23960 ||| READING scroll of enchant armour.
 23960 | Snake:3  | 23960 ||| ENCHANTING +1 swamp dragon scales.
 24093 | Snake:3  | 24093 ||| INVOKING Heroism.
 24347 | Snake:3  | 24347 ||| PLANNING SWAMP:4
 24347 | Snake:3  | 24347 ||| DROPPING +2 robe of Ditan {Int+5 Dex+3 SInv
                  | Archmagi}.
 24348 | Snake:3  | 24348 ||| DROPPING +1 leather armour of Lethargy {Rampage
                  | Will- SInv}.
 24526 | Swamp:4  | Entered Level 4 of the Swamp
 24528 | Swamp:4  | 24528 ||| Stepping ~*~*~tactically~*~*~ (outnumbered).
 24528 | Swamp:4  | Noticed a tentacled monstrosity
 24529 | Swamp:4  | 24529 ||| INVOKING Heroism.
 24530 | Swamp:4  | 24530 ||| INVOKING Finesse.
 24540 | Swamp:4  | Killed a tentacled monstrosity
 24621 | Swamp:4  | 24621 ||| INVOKING Heroism.
 24821 | Swamp:4  | Found a runed translucent door.
 24822 | Swamp:4  | Noticed qw's ghost (adept GrFi)
 24868 | Swamp:4  | 24868 ||| INVOKING Heroism.
 24923 | Swamp:4  | 24923 ||| Stepping ~*~*~tactically~*~*~ (outnumbered).
 24952 | Swamp:4  | 24952 ||| INVOKING Heroism.
 24955 | Swamp:4  | 24955 ||| Stepping ~*~*~tactically~*~*~ (cloud).
 25011 | Swamp:4  | 25011 ||| FLEEEEING.
 25012 | Swamp:4  | 25012 ||| FLEEEEING.
 25013 | Swamp:4  | 25013 ||| FLEEEEING.
 25014 | Swamp:4  | 25014 ||| FLEEEEING.
 25015 | Swamp:4  | 25015 ||| FLEEEEING.
 25016 | Swamp:4  | 25016 ||| FLEEEEING.
 25017 | Swamp:4  | 25017 ||| FLEEEEING.
 25018 | Swamp:4  | 25018 ||| FLEEEEING.
 25019 | Swamp:4  | 25019 ||| FLEEEEING.
 25020 | Swamp:4  | 25020 ||| FLEEEEING.
 25021 | Swamp:4  | 25021 ||| FLEEEEING.
 25022 | Swamp:4  | 25022 ||| FLEEEEING.
 25023 | Swamp:4  | 25023 ||| FLEEEEING.
 25024 | Swamp:4  | 25024 ||| FLEEEEING.
 25025 | Swamp:4  | 25025 ||| FLEEEEING.
 25026 | Swamp:4  | 25026 ||| FLEEEEING.
 25027 | Swamp:4  | 25027 ||| FLEEEEING.
 25028 | Swamp:4  | 25028 ||| FLEEEEING.
 25029 | Swamp:4  | 25029 ||| FLEEEEING.
 25030 | Swamp:4  | 25030 ||| FLEEEEING.
 25032 | Swamp:4  | 25032 ||| FLEEEEING.
 25033 | Swamp:4  | 25033 ||| FLEEEEING.
 25034 | Swamp:4  | 25034 ||| FLEEEEING.
 25037 | Swamp:4  | 25037 ||| FLEEEEING.
 25044 | Swamp:4  | 25044 ||| INVOKING Heroism.
 25177 | Swamp:4  | 25177 ||| INVOKING Heroism.
 25220 | Swamp:4  | Noticed the 27-headed Lernaean hydra
 25226 | Swamp:4  | 25226 ||| INVOKING Heroism.
 25226 | Swamp:4  | HP: 24/109 [the 27-headed Lernaean hydra (11)]
 25227 | Swamp:4  | 25227 ||| READING 10 scrolls of teleportation.
 25227 | Swamp:4  | HP: 5/109 [the 27-headed Lernaean hydra (11)]
 25228 | Swamp:4  | 25228 ||| DRINKING 5 potions of heal wounds.
 25229 | Swamp:4  | 25229 ||| DRINKING 4 potions of heal wounds.
 25232 | Swamp:4  | 25232 ||| FLEEEEING.
 25240 | Swamp:4  | HP: 26/109 [the 27-headed Lernaean hydra (8)]
 25240 | Swamp:4  | HP: 12/109 [the 27-headed Lernaean hydra (10)]
 25241 | Swamp:4  | 25241 ||| READING 9 scrolls of teleportation.
 25241 | Swamp:4  | Slain by the 27-headed Lernaean hydra

Levels and vault maps discovered:
D:1:      dpeg_arrival_central, layout_loops_corners
D:2:      layout_loops_ring, nicolae_half_adder
D:3:      layout_loops_ring, minitemple, serial_shops,
          nicolae_shop_advertising_works [nicolae_subvault_shop_adworks],
          basic_ecumenical_altar, biasface_ghost_orc_armoury,
          hangedman_decor_push, minmay_pentomino_pile
D:4:      layout_basic, minmay_temple_entry_tees, nicolae_specific_store
D:5:      layout_cave_pools, nicolae_wu_jian_wuxing_cycle
D:6:      layout_cave_pods, uniq_prince_ribbit1
D:7:      layout_gridville
D:8:      gammafunk_steamed_eel, layout_basic
D:9:      layout_basic, general_overflow_altar, dancing_weapons_uskayaw,
          gammafunk_ghost_ooze, chequers_serial_rivers_large_a,
          minmay_misc_feat_more_columns
D:10:     layout_basic, uniq_josephine
D:11:     layout_rooms, minmay_lair_entry_lava, hiddenorc2_lemuel
D:12:     layout_roguey, kb_rosetta
D:13:     kennysheep_funnel, layout_loops_ring, grunt_vaults_entry_fortified
D:14:     layout_irregular_city, serial_shops, shop, dreamdust_princess_bridge,
          uniq_kirke
D:15:     gammafunk_enter_depths_forms, layout_rooms, fountainhead,
          serial_corexii_hall, corexii_hall_statues_l,
          chequers_hall_statues_wall_a, nicolae_hepliaklqana_hazy_memory
Temple:   nicolae_temple_two_arcs
Lair:1:   layout_concentric_octagons, chequers_serial_rivers_small_3,
          chequers_serial_rivers_small_b, grunt_megastairs_4
Lair:2:   layout_gridlike, minmay_snake_entry_guardpost_large, uniq_maggie,
          uniq_urug
Lair:3:   minmay_lair_oklob_tunnel, layout_big_grid, minmay_swamp_entry_swarm,
          grunt_megastairs_5, serial_bayou_shore_a, lemuel_fruit_tree
Lair:4:   layout_loops_ring, basic_altar, chequers_serial_rivers_small_a,
          serial_bayou_shore_b
Lair:5:   wormcave, layout_misc_corridors, hangedman_lair_in_review,
          minmay_slime_entry_oklob_enclosed, chequers_serial_rivers_large_b,
          lemuel_centaur_altar, serial_bayou_shore_b
Swamp:1:  nicolae_swamp_decorative_isthmus, layout_falls_marsh,
          evilmike_swamp_ruin_house_3, infiniplex_staircase_pool
Swamp:2:  layout_basic_swamp, hangedman_swamp_ruin_wall, swamp_pool2
Swamp:3:  layout_basic_swamp, evilmike_swamp_ruin_house_5
Swamp:4:  swamp_old_school, layout_basic_swamp, gammafunk_ghost_grave,
          swamp_pool4
Snake:1:  minmay_snake_river, layout_onion, nicolae_snake_springs,
          grunt_megastairs_2
Snake:2:  layout_onion_interference, special_room, minmay_shoptagon
Snake:3:  layout_concentric_octagons, uniq_donald
Orc:1:    layout_caves, serial_shops, nicolae_shop_tiny_real_fake_doors,
          nicolae_orc_pool_cavern, lightli_church_of_beogh
Orc:2:    grunt_orc_cross, layout_caves, serial_shops, nicolae_shop_tiny_glass,
          uniq_rupert

Skill      XL: |  1  2  3  4  5  6  7  8  9 10 11 12 13 14 15 16 17 |
---------------+----------------------------------------------------+-----
Ranged Weapons | 6 7 8 9 10 12 13 15 18 21 22 | 22.0
Armour         | 1 2 3 5 6 7 9 10 | 10.0
Fighting       | 2 3 4 5 6 8 9 10 12 13 | 13.4
Dodging        | 3 4 7 8 9 12 16 19 21 22 | 22.0
Invocations    | 2 4 5 9 10 | 10.0
Stealth        | |  1.2

Action                     |  1- 3 |  4- 6 |  7- 9 | 10-12 | 13-15 | 16-18 || total
---------------------------+-------+-------+-------+-------+-------+-------++-------
   Fire: Shortbow          |    59 |       |       |       |       |       ||    59
         Heavy crossbow    |    14 |    58 |   108 |   247 |   230 |       ||   657
         Triple crossbow   |       |       |       |       |   436 |   660 ||  1096
 Invoke: Heroism           |       |       |    10 |    20 |    37 |    24 ||    91
         Finesse           |       |       |       |     2 |     9 |     3 ||    14
    Use: Scroll            |     8 |       |    10 |     5 |     7 |     4 ||    34
         Potion            |     1 |     2 |       |       |       |     2 ||     5
 Armour: Leather armour    |     1 |       |       |       |       |       ||     1
         Ring mail         |       |     3 |     2 |       |       |       ||     5
         Robe              |       |       |     3 |     6 |       |       ||     9
         Acid dragon scale |       |       |       |    42 |    69 |       ||   111
         Scale mail        |       |       |       |       |     4 |     2 ||     6
         Swamp dragon scal |       |       |       |       |       |    89 ||    89
  Dodge: Dodged            |     6 |    16 |    34 |   228 |   388 |   416 ||  1088

Table legend:
 A = Non-vault XP
 B = Vault XP
 C = Vault XP percentage of total XP
 D = Non-vault monster count
 E = Vault monster count
 F = Vault count percentage of total count
                 A         B        C        D         E       F
            +---------+---------+-------+---------+---------+-------
      Total |  186836 |   86947 |  31.8 |     700 |     226 |  24.4
            +---------+---------+-------+---------+---------+-------
        D:1 |      37 |       0 |   0.0 |      23 |       0 |   0.0
        D:2 |      17 |      26 |  60.5 |      10 |       2 |  16.7
        D:3 |     284 |       9 |   3.1 |      30 |       5 |  14.3
        D:4 |     397 |       0 |   0.0 |      22 |       0 |   0.0
        D:5 |     649 |       0 |   0.0 |      16 |       0 |   0.0
        D:6 |    1683 |     277 |  14.1 |      42 |       1 |   2.3
        D:7 |    1242 |       0 |   0.0 |      26 |       0 |   0.0
        D:8 |    3677 |       0 |   0.0 |      32 |       0 |   0.0
        D:9 |    2129 |       0 |   0.0 |      23 |       0 |   0.0
       D:10 |    3202 |    1939 |  37.7 |      17 |       6 |  26.1
       D:11 |    3383 |    1428 |  29.7 |      19 |      33 |  63.5
       D:12 |    3792 |    2469 |  39.4 |      19 |       4 |  17.4
       D:13 |    5339 |    7480 |  58.4 |      12 |      11 |  47.8
       D:14 |    5707 |    2145 |  27.3 |      20 |       5 |  20.0
       D:15 |    8999 |    5656 |  38.6 |      15 |       9 |  37.5
     Lair:1 |    3882 |    1505 |  27.9 |      17 |       6 |  26.1
     Lair:2 |    8268 |    1676 |  16.9 |      26 |       5 |  16.1
     Lair:3 |    5366 |    5283 |  49.6 |      25 |      17 |  40.5
     Lair:4 |   11519 |       0 |   0.0 |      27 |       0 |   0.0
     Lair:5 |   19524 |   17595 |  47.4 |      54 |      43 |  44.3
    Swamp:1 |    8537 |       0 |   0.0 |      22 |       0 |   0.0
    Swamp:2 |   18177 |       0 |   0.0 |      25 |       0 |   0.0
    Swamp:3 |   13584 |       0 |   0.0 |      23 |       0 |   0.0
    Swamp:4 |   14552 |   11370 |  43.9 |      23 |      20 |  46.5
    Snake:1 |   11440 |   15652 |  57.8 |      25 |      21 |  45.7
    Snake:2 |   14701 |       0 |   0.0 |      28 |       0 |   0.0
    Snake:3 |   13427 |    1371 |   9.3 |      29 |       1 |   3.3
      Orc:1 |    2263 |       0 |   0.0 |      27 |       0 |   0.0
      Orc:2 |    1059 |   11066 |  91.3 |      23 |      37 |  61.7
            +---------+---------+-------+---------+---------+-------
